% Time on Ice - SALEM BLACK JAYS
Lines # - Real PCT - Wanted PCT - Time Play
Normal Forward
1 - 38% - 36% - 18:36
2 - 31% - 31% - 15:19
3 - 21% - 23% - 10:33
4 - 10% - 10% - 4:59
Normal Defense
1 - 36% - 36% - 17:38
2 - 32% - 31% - 15:51
3 - 27% - 23% - 13:25
4 - 5% - 10% - 2:33
PP Forward
1 - 49% - 55% - 0:58
2 - 51% - 45% - 1:01
PP Defense
1 - 51% - 55% - 1:01
2 - 49% - 45% - 0:58
PK Forward
1 - 60% - 55% - 4:46
2 - 40% - 45% - 3:10
PK Defense
1 - 47% - 55% - 3:42
2 - 53% - 45% - 4:14
PK3 Forward
1 - 0% - 55%
2 - 0% - 45%
PK3 Defense
1 - 0% - 55%
2 - 0% - 45%
44 Forward
1 - 0% - 55%
2 - 0% - 45%
44 Defense
1 - 0% - 55%
2 - 0% - 45%
Last Minute Offensive  - 0:00
Last Minute Defensive  - 0:38
Total
Forward - 60:00
Defense - 60:00
% Time on Ice - LAS VEGAS LIZARD KINGS
Lines # - Real PCT - Wanted PCT - Time Play
Normal Forward
1 - 35% - 37% - 17:23
2 - 27% - 30% - 13:24
3 - 24% - 23% - 11:43
4 - 14% - 10% - 6:47
Normal Defense
1 - 35% - 40% - 17:14
2 - 34% - 35% - 16:33
3 - 31% - 25% - 15:30
4 - 0% - 0% - 0:00
PP Forward
1 - 58% - 65% - 4:36
2 - 42% - 35% - 3:20
PP Defense
1 - 50% - 55% - 3:57
2 - 50% - 45% - 3:59
PK Forward
1 - 56% - 55% - 1:07
2 - 44% - 45% - 0:52
PK Defense
1 - 80% - 60% - 1:35
2 - 20% - 40% - 0:24
PK3 Forward
1 - 0% - 55%
2 - 0% - 45%
PK3 Defense
1 - 0% - 55%
2 - 0% - 45%
44 Forward
1 - 0% - 55%
2 - 0% - 45%
44 Defense
1 - 0% - 55%
2 - 0% - 45%
Last Minute Offensive  - 0:48
Last Minute Defensive  - 0:00
Total
Forward - 60:00
Defense - 60:00
Play-by-Play 1st period 0:01 of 1st period - Ryan Nugent-Hopkins wins face-off versus Mathew Barzal in neutral zone. 0:12 of 1st period - Shot by Joe Pavelski. 0:12 of 1st period - Deflect By Johnny Gaudreau. 0:12 of 1st period - Stopped by Juuse Saros without a rebound. 0:13 of 1st period - Jeff Carter wins face-off versus Dylan Larkin in SALEM BLACK JAYS zone. 0:42 of 1st period - Shot by Evan Rodrigues. 0:42 of 1st period - Stopped by Juuse Saros without a rebound. 0:43 of 1st period - Dylan Cozens wins face-off versus Ty Dellandrea in SALEM BLACK JAYS zone. 0:43 of 1st period - Dylan Cozens is hit by Ty Dellandrea. 0:52 of 1st period - Dylan Cozens is hit by Patrik Nemeth. 1:19 of 1st period - Daniel Sprong is hit by Patrik Nemeth and loses puck. 1:29 of 1st period - Icing by Patrik Nemeth. 1:30 of 1st period - Mathew Barzal wins face-off versus Ty Dellandrea in LAS VEGAS LIZARD KINGS zone. 1:41 of 1st period - Shot by Mitchell Marner. 1:41 of 1st period - Goal by Mitchell Marner - SALEM BLACK JAYS : 1 - LAS VEGAS LIZARD KINGS : 0. 1:42 of 1st period - Ryan Nugent-Hopkins wins face-off versus Filip Chytil in neutral zone. 1:56 of 1st period - Shot by Ryan Nugent-Hopkins. 1:56 of 1st period - Stopped by Juuse Saros without a rebound. 1:57 of 1st period - Luke Glendening wins face-off versus Mathew Barzal in SALEM BLACK JAYS zone. 2:45 of 1st period - Shot by Joshua Morrissey. 2:45 of 1st period - Stopped by Sergei Bobrovsky with a rebound. 3:15 of 1st period - Brayden McNabb is hit by Dylan Larkin and loses puck. 3:20 of 1st period - Shot by Dylan Larkin. 3:20 of 1st period - Shot Blocked by Matt Roy. 3:29 of 1st period - Barrett Hayton is hit by Matt Roy and loses puck. 3:35 of 1st period - Dylan Larkin is hit by Brayden McNabb and loses puck. 3:58 of 1st period - Shot by Filip Chytil. 3:58 of 1st period - Deflect By Maxime Comtois. 3:58 of 1st period - Stopped by Sergei Bobrovsky with a rebound. 4:56 of 1st period - Shot by Dylan Cozens. 4:56 of 1st period - Shot Misses the Net. 5:21 of 1st period - Shot by Mitchell Marner. 5:21 of 1st period - Shot Blocked by Brayden McNabb. 5:31 of 1st period - Shot by Mathew Barzal. 5:31 of 1st period - Shot Misses the Net. 5:33 of 1st period - Shot by Mikko Rantanen. 5:33 of 1st period - Stopped by Sergei Bobrovsky without a rebound. 5:34 of 1st period - Dylan Larkin wins face-off versus Jeff Carter in LAS VEGAS LIZARD KINGS zone. 5:35 of 1st period - Shot by Barrett Hayton. 5:35 of 1st period - Stopped by Sergei Bobrovsky without a rebound. 5:36 of 1st period - Jeff Carter wins face-off versus Dylan Larkin in LAS VEGAS LIZARD KINGS zone. 6:07 of 1st period - Shot by Martin Necas. 6:07 of 1st period - Stopped by Sergei Bobrovsky with a rebound. 6:09 of 1st period - Shot by Colin Miller. 6:09 of 1st period - Shot Misses the Net. 6:26 of 1st period - Off-side. 6:27 of 1st period - Mathew Barzal wins face-off versus Ty Dellandrea in neutral zone. 6:35 of 1st period - Vladislav Namestnikov is hit by Joshua Morrissey and loses puck. 7:43 of 1st period - Shot by Victor Olofsson. 7:43 of 1st period - Stopped by Juuse Saros with a rebound. 7:44 of 1st period - Minor Penalty to Joshua Morrissey for Tripping. 7:45 of 1st period - Theodor Blueger wins face-off versus Jeff Carter in SALEM BLACK JAYS zone. 8:05 of 1st period - Shot by Jeff Carter. 8:05 of 1st period - Shot Misses the Net. 9:04 of 1st period - Icing by Brandon Hagel. 9:05 of 1st period - Jeff Carter wins face-off versus Theodor Blueger in LAS VEGAS LIZARD KINGS zone. 9:26 of 1st period - Shot by Brandon Hagel. 9:26 of 1st period - Stopped by Juuse Saros without a rebound. 9:27 of 1st period - Theodor Blueger wins face-off versus Ryan Nugent-Hopkins in SALEM BLACK JAYS zone. 10:04 of 1st period - Shot by Mitchell Marner. 10:04 of 1st period - Shot Misses the Net. 10:06 of 1st period - Shot by Mikko Rantanen. 10:06 of 1st period - Shot Misses the Net. 10:08 of 1st period - Shot by Mikko Rantanen. 10:08 of 1st period - Stopped by Sergei Bobrovsky without a rebound. 10:09 of 1st period - Dylan Larkin wins face-off versus Luke Glendening in LAS VEGAS LIZARD KINGS zone. 10:29 of 1st period - Victor Olofsson is hit by Colin Miller. 10:44 of 1st period - Icing by Jacob Bryson. 10:45 of 1st period - Jordan Greenway wins face-off versus Dylan Cozens in LAS VEGAS LIZARD KINGS zone. 10:54 of 1st period - Shot by Victor Olofsson. 10:54 of 1st period - Stopped by Juuse Saros without a rebound. 10:55 of 1st period - Jeff Carter wins face-off versus Mathew Barzal in SALEM BLACK JAYS zone. 11:16 of 1st period - Shot by Mikko Rantanen. 11:16 of 1st period - Stopped by Sergei Bobrovsky without a rebound. 11:17 of 1st period - Ryan Nugent-Hopkins wins face-off versus Dylan Cozens in LAS VEGAS LIZARD KINGS zone. 11:45 of 1st period - Icing by Dmitry Kulikov. 11:46 of 1st period - Ryan Nugent-Hopkins wins face-off versus Dylan Larkin in LAS VEGAS LIZARD KINGS zone. 11:46 of 1st period - Ryan Nugent-Hopkins is hit by Martin Necas. 12:05 of 1st period - Shot by Barrett Hayton. 12:05 of 1st period - Shot Blocked by Ryan Nugent-Hopkins. 12:23 of 1st period - Shot by Barrett Hayton. 12:23 of 1st period - Deflect By Dylan Larkin. 12:23 of 1st period - Stopped by Sergei Bobrovsky without a rebound. 12:24 of 1st period - Jeff Carter wins face-off versus Mathew Barzal in LAS VEGAS LIZARD KINGS zone. 13:46 of 1st period - Jeff Carter is hit by Scott Mayfield and loses puck. 14:34 of 1st period - Off-side. 14:35 of 1st period - Ty Dellandrea wins face-off versus Dylan Larkin in neutral zone. 14:44 of 1st period - Shot by Dylan Larkin. 14:44 of 1st period - Stopped by Sergei Bobrovsky with a rebound. 14:46 of 1st period - Shot by Matt Benning. 14:46 of 1st period - Stopped by Sergei Bobrovsky without a rebound. 14:47 of 1st period - Ryan Nugent-Hopkins wins face-off versus Filip Chytil in LAS VEGAS LIZARD KINGS zone. 17:17 of 1st period - Shot by Victor Olofsson. 17:17 of 1st period - Stopped by Juuse Saros without a rebound. 17:18 of 1st period - Joe Pavelski wins face-off versus Dylan Cozens in SALEM BLACK JAYS zone. 17:18 of 1st period - Ryan Nugent-Hopkins is hit by Scott Mayfield and loses puck. 17:35 of 1st period - Icing by Patrik Nemeth. 17:36 of 1st period - Ryan Nugent-Hopkins wins face-off versus Mathew Barzal in LAS VEGAS LIZARD KINGS zone. 17:36 of 1st period - Ryan Nugent-Hopkins is hit by Mathew Barzal. 18:00 of 1st period - Shot by Ryan Nugent-Hopkins. 18:00 of 1st period - Deflect By Johnny Gaudreau. 18:00 of 1st period - Shot Blocked by Joshua Morrissey. 18:02 of 1st period - Shot by Johnny Gaudreau. 18:02 of 1st period - Stopped by Juuse Saros without a rebound. 18:03 of 1st period - Dylan Larkin wins face-off versus Evan Rodrigues in SALEM BLACK JAYS zone. 18:05 of 1st period - Icing by Martin Necas. 18:06 of 1st period - Jeff Carter wins face-off versus Dylan Larkin in SALEM BLACK JAYS zone. 18:13 of 1st period - Shot by Brandon Hagel. 18:13 of 1st period - Shot Misses the Net. 18:23 of 1st period - Shot by Martin Necas. 18:23 of 1st period - Stopped by Sergei Bobrovsky without a rebound. 18:24 of 1st period - Ryan Nugent-Hopkins wins face-off versus Dylan Cozens in LAS VEGAS LIZARD KINGS zone. 18:38 of 1st period - Icing by